 Dungeon Crawl Stone Soup version 0.22.0-5-gf09313c8f9 (webtiles) character file.

52 Peloso the Covered (level 3, -4/33 HPs)
             Began as a Minotaur Fighter on Aug 14, 2018.
             Slain by Grinder (5 damage)
             ... on level 3 of the Dungeon.
             The game lasted 00:02:59 (1710 turns).

Peloso the Covered (Minotaur Fighter)               Turns: 1710, Time: 00:03:02

Health: -4/33      AC: 11    Str: 25    XL:     3   Next: 60%
Magic:  2/2        EV:  4    Int:  5    God:
Gold:   64         SH: 10    Dex: 10    Spells: 2/2 levels left

rFire    . . .     SeeInvis +   a - +0 long sword
rCold    . . .     Gourm    .   c - +0 shield
rNeg     . . .     Faith    .   b - +0 plate armour
rPois    .         Spirit   .   (helmet restricted)
rElec    .         Reflect  .   (no cloak)
rCorr    .         Harm     .   (no gloves)
MR       .....                  (no boots)
Stlth    ..........             (no amulet)
HPRegen  0.11/turn              h - ring of see invisible
MPRegen  0.08/turn              (no ring)

@: mighty
A: retaliatory headbutt, horns 2
a: no special abilities


You were on level 3 of the Dungeon.
You were not hungry.

You visited 1 branch of the dungeon, and saw 3 of its levels.

You collected 64 gold pieces.

Inventory:

Hand Weapons
 a - a +0 long sword (weapon)
Armour
 b - a +0 plate armour (worn)
 c - a +0 shield (worn)
Jewellery
 h - a ring of see invisible (left hand)
Scrolls
 e - 3 scrolls of identify {unknown}
 i - a scroll of enchant weapon {unknown}
 j - 3 scrolls of remove curse {unknown}
 k - a scroll of noise {unknown}
 l - 2 scrolls of teleportation {unknown}
 o - a scroll of magic mapping {unknown}
 q - a scroll of blinking {unknown}
Potions
 d - a potion of might
 g - a potion of heal wounds {unknown}
 n - a potion of curing {unknown}
 p - 2 potions of flight {unknown}
Comestibles
 f - 7 rations
 m - 2 chunks of flesh


   Skills:
 + Level 4.1 Fighting
 + Level 3.2 Long Blades
 + Level 4.3 Armour
 + Level 0.1 Stealth
 + Level 4.2 Shields


You had 2 spell levels left.
You didn't know any spells.
Your spell library was empty.

Dungeon Overview and Level Annotations

Branches:
Dungeon (3/15)

Altars:

Annotations:
D:3 Grinder


Innate Abilities, Weirdness & Mutations

You reflexively headbutt those who attack you in melee.
You have a pair of horns on your head.


Message History

You writhe in agony.
* * * LOW HITPOINT WARNING * * *
You completely miss Grinder.
Grinder is heavily wounded.
Grinder blinks! x2
Grinder gestures at you.
You suddenly lose the ability to move!
Grinder gestures at you.
You shrug off the repeated paralysis!
You can move again.
Grinder gestures at you.
You shrug off the repeated paralysis!
Grinder rolls her eyes.
Your plate armour prevents you from hitting Grinder.
Your headbutt misses Grinder.
Grinder is moderately wounded.
Grinder hits you.
* * * LOW HITPOINT WARNING * * *
You writhe in agony.
You die...

# ...#
.#.##.###########################
.............................>...
.#.##.#######################.##.
....#.# #.....#####.##.
....#.#############.....+........
>..................5....#####.###
..........###...5####.#.# #.#
........#.# #...@# #...# #.#
........#.# #....# ##..# #.#
#+##'#....# #....# #..# #(#
#.##....#.# #....######.# #.#
.....#..#...............## #.#
#....#..#.###.#'#######..# #.#
........#.# ..... ##.## #.#
.######.#.#####.# #..# #.#
...#).........#.####.# ##.###.#


You could see Grinder.

Vanquished Creatures
  An adder (D:2)
  2 worms (D:2)
  A dart slug (D:2)
  A leopard gecko (D:2)
  3 bats
  A giant cockroach (D:1)
  12 goblins
  2 hobgoblins
  A quokka (D:2)
  A ball python (D:3)
  5 kobolds
  4 rats
34 creatures vanquished.

Notes
Turn   | Place    | Note
-------+----------+-------------------------------------------
     0 | D:1      | Peloso the Minotaur Fighter began the quest for the Orb.
     0 | D:1      | Reached XP level 1. HP: 19/19 MP: 0/0
   381 | D:1      | Reached XP level 2. HP: 23/27 MP: 1/1
   985 | D:2      | Reached XP level 3. HP: 33/33 MP: 2/2
  1685 | D:3      | Noticed Grinder
  1702 | D:3      | Paralysed by Grinder for 4 turns
  1710 | D:3      | HP: 1/33 [Grinder (3)]
  1710 | D:3      | Slain by Grinder

Skill      XL: |  1  2 |
---------------+-------+-----
Fighting       | 4 |  4.1
Armour         | 4 |  4.3
Shields        | 4 |  4.2
Long Blades    | 3 |  3.2
Stealth        | |  0.1

Action                   || total
-------------------------++-------
Melee: Long sword        ||    99
       Headbutt          ||    12
  Use: Potion            ||     1
  Eat: Chunk             ||     3
Armor: Scale mail        ||     5
       Plate armour      ||    66
Dodge: Dodged            ||    14
Block: Shield            ||    54
       Rpst.: Long sword ||     6
